 Dungeon Crawl Stone Soup version 0.31-a0-177-g4aa6249778 (webtiles) character file.

Game seed: 13013510080862023040

264 MacCMillion the Chiller (level 6, 0/44 HPs)
             Began as a Gnoll Ice Elementalist on June 19, 2023.
             Slain by a gnoll bouda
             ... wielding a +0 club
              (2 damage)
             ... on level 4 of the Dungeon.
             The game lasted 00:04:05 (3388 turns).

MacCMillion the Chiller (Gnoll Ice Elementalist)    Turns: 3388, Time: 00:04:06

Health: 0/44       AC:  9    Str:  7    XL:     6   Next: 19%
Magic:  5/14       EV: 13    Int: 16    God:
Gold:   248        SH:  0    Dex: 13    Spells: 8/15 levels left

rFire   . . .        k - +0 dagger
rCold   . . .        (no shield)
rNeg    . . .        a - +0 robe
rPois   .            (no helmet)
rElec   .            (no cloak)
rCorr   .            (no gloves)
SInv    .            (no boots)
Will    .....        (no amulet)
Stlth   +++          (no ring)
HPRegen 0.27/turn    (no ring)
MPRegen 0.14/turn

%: no passive effects
@: ice-armoured, weakened
A: fangs 1, strong nose, distributed training
a: no special abilities


You were on level 4 of the Dungeon.
You visited 1 branch of the dungeon, and saw 5 of its levels.

You collected 248 gold pieces.

Inventory:

Hand Weapons
 k - a +0 dagger (weapon)
Armour
 a - a +0 robe (worn)
 f - a +0 buckler
 p - the +1 scale mail "Coykhlen" {rN+ Stlth+}
   (You found it on level 5 of the Dungeon)

   rN:        It protects you from negative energy.
   Stlth:     It makes you more stealthy.
Jewellery
 g - a ring of fire
Wands
 o - a wand of paralysis (15)
Scrolls
 c - 2 scrolls of identify {unknown}
 h - 3 scrolls of fog {unknown}
 i - 2 scrolls of vulnerability {unknown}
 j - a scroll of amnesia {unknown}
 n - a scroll of noise {unknown}
Potions
 b - a potion of magic
 d - a potion of heal wounds {unknown}
 e - a potion of attraction {unknown}
 l - 2 potions of degeneration {unknown}
 m - 2 potions of haste {unknown}


   Skills:
 + Level 1.9 Fighting
 + Level 1.9 Short Blades
 + Level 1.9 Long Blades
 + Level 1.9 Axes
 + Level 1.9 Maces & Flails
 + Level 1.9 Polearms
 + Level 1.9 Staves
 + Level 1.9 Ranged Weapons
 + Level 1.9 Throwing
 + Level 1.9 Armour
 + Level 5.0 Dodging
 + Level 4.6 Stealth
 + Level 1.9 Shields
 + Level 1.9 Unarmed Combat
 + Level 5.3 Spellcasting
 + Level 1.5 Conjurations
 + Level 1.5 Hexes
 + Level 1.5 Summonings
 + Level 1.5 Necromancy
 + Level 1.5 Translocations
 + Level 1.5 Transmutations
 + Level 1.5 Fire Magic
 + Level 7.3 Ice Magic
 + Level 1.5 Air Magic
 + Level 1.5 Earth Magic
 + Level 1.5 Poison Magic
 + Level 2.1 Invocations
 + Level 1.9 Evocations


You had 8 spell levels left.
You knew the following spells:

 Your Spells              Type           Power      Damage    Failure   Level
a - Freeze                Ice            100%       1d10      1%          1
b - Frozen Ramparts       Ice            54%        1d9       2%          3
c - Ozocubu's Armour      Ice            27%        N/A       2%          3

Your spell library contained the following spells:

 Spells                   Type           Power      Damage    Failure   Level
 Summon Ice Beast         Ice/Summ       18%        N/A       24%         4
 Iskenderun's Battlesphe  Conj           9%         2d6       91%         5
 Leda's Unmaking          Conj/Erth      4%         9d2       100%        6
 Spellforged Servitor     Conj/Summ      4%         N/A       100%        7


Dungeon Overview and Level Annotations

Branches:
Dungeon (5/15)
 Temple: D:4-7

Altars:
Dithmenos
Fedhas
Hepliaklqana
Qazlal
Ru
Sif Muna

Annotations:
D:2 Sigmund


Innate Abilities, Weirdness & Mutations

You have very sharp teeth.
Your uncanny sense of smell can sniff out nearby items.
Your experience applies equally to all skills.


Message History

The gnoll closely misses you.
The wall freezes the gnoll!
You kill the gnoll!
The wall freezes the gnoll bouda.
The gnoll bouda mumbles some strange prayers to its god.
The gnoll bouda is healed somewhat.
Your Dodging skill increases to level 5!
Aiming: Freeze (safe; 1% risk of failure)
Press: ? - help, Q - select action, (/) - cycle Shift-Dir - straight line, f - gnoll
Aim: a gnoll, wielding a +0 club (lightly wounded, covering ground quickly)
You freeze the gnoll.
The gnoll is moderately wounded.
The gnoll closely misses you.
The wall freezes the gnoll bouda.
The gnoll bouda hits you but does no damage.
Aiming: Freeze (safe; 1% risk of failure)
Press: ? - help, Q - select action, (/) - cycle Shift-Dir - straight line, f/p - gnoll
Aim: a gnoll, wielding a +0 club (moderately wounded, covering ground quickly)
You freeze the gnoll.
The gnoll is moderately wounded.
The frozen ramparts melt away.
The gnoll closely misses you.
The gnoll bouda hits you with a +0 club!
* * * LOW HITPOINT WARNING * * *
Aiming: Freeze (safe; 1% risk of failure)
Press: ? - help, Q - select action, (/) - cycle Shift-Dir - straight line, f/p - gnoll
Aim: a gnoll, wielding a +0 club (moderately wounded, covering ground quickly)
You freeze the gnoll.
The gnoll is heavily wounded.
The gnoll hits you but does no damage.
The gnoll bouda gazes fiercely through you!
You feel your attacks grow feeble.
The gnoll bouda hits you with a +0 club!
* * * LOW HITPOINT WARNING * * *
Aiming: Freeze (safe; 1% risk of failure)
Press: ? - help, Q - select action, (/) - cycle Shift-Dir - straight line, f/p - gnoll
Aim: a gnoll, wielding a +0 club (heavily wounded, covering ground quickly)
You freeze the gnoll!
You kill the gnoll!
The gnoll bouda gazes fiercely through you!
You feel as though you will be weak longer.
The gnoll bouda hits you with a +0 club.
You die...

∆ ∆ ∆ ## ... #..
.... #...
####.....
#....####........
#.....)g@....§.P.
#......<.PP..§P..
#............§.§.
#.........P§§§.§.
#.........§_§##.P
#.........P§§§. .
...........#P§..
.........#.§§.P.
......#..#.P#..


You could see a gnoll bouda.

Vanquished Creatures
  An ogre (D:3)
  A hound (D:4)
  An iguana (D:5)
  4 adders
  4 gnolls (D:4)
  A dart slug (D:2)
  8 orcs
  4 ball pythons
  An endoplasm (D:4)
  2 giant cockroaches
  7 goblins
  4 hobgoblins
  3 kobolds
  2 quokkas
  5 bats
  2 frilled lizards
  2 rats (D:1)
52 creatures vanquished.

Notes
Turn   | Place    | Note
-------+----------+-------------------------------------------
     0 | D:1      | MacCMillion the Gnoll Ice Elementalist began the quest for
                  | the Orb.
     0 | D:1      | Reached XP level 1. HP: 13/13 MP: 6/6
   233 | D:1      | Reached XP level 2. HP: 16/19 MP: 1/7
  1067 | D:2      | Noticed Sigmund
  1466 | D:2      | Found a shimmering blue altar of Sif Muna.
  1617 | D:2      | Reached skill level 5 in Spellcasting
  1617 | D:2      | Reached XP level 3. HP: 20/25 MP: 6/9
  1635 | D:2      | Learned a level 3 spell: Frozen Ramparts
  1639 | D:2      | Learned a level 3 spell: Ozocubu's Armour
  1656 | D:2      | Reached skill level 1 in Invocations
  1893 | D:2      | Reached skill level 1 in Fighting
  1893 | D:2      | Reached skill level 1 in Short Blades
  1893 | D:2      | Reached skill level 1 in Long Blades
  1893 | D:2      | Reached skill level 1 in Axes
  1893 | D:2      | Reached skill level 1 in Maces & Flails
  1893 | D:2      | Reached skill level 1 in Polearms
  1893 | D:2      | Reached skill level 1 in Staves
  1893 | D:2      | Reached skill level 1 in Ranged Weapons
  1893 | D:2      | Reached skill level 1 in Throwing
  1893 | D:2      | Reached skill level 1 in Armour
  1893 | D:2      | Reached skill level 1 in Shields
  1893 | D:2      | Reached skill level 1 in Unarmed Combat
  1893 | D:2      | Reached skill level 1 in Evocations
  2207 | D:3      | Reached XP level 4. HP: 25/32 MP: 11/11
  2430 | D:3      | Found a shimmering blue altar of Sif Muna.
  2430 | D:3      | Found a stormy altar of Qazlal.
  2464 | D:3      | Found a sacrificial altar of Ru.
  2466 | D:3      | Found a blossoming altar of Fedhas.
  2468 | D:3      | Found a shadowy altar of Dithmenos.
  2503 | D:3      | Noticed an ogre
  2666 | D:3      | You fall into a shaft and drop 2 floors!
  2666 | D:5      | Entered Level 5 of the Dungeon
  2670 | D:5      | Identified the +1 scale mail "Coykhlen" {rN+ Stlth+}
  2739 | D:5      | Reached skill level 1 in Conjurations
  2739 | D:5      | Reached skill level 1 in Hexes
  2739 | D:5      | Reached skill level 1 in Summonings
  2739 | D:5      | Reached skill level 1 in Necromancy
  2739 | D:5      | Reached skill level 1 in Translocations
  2739 | D:5      | Reached skill level 1 in Transmutations
  2739 | D:5      | Reached skill level 1 in Fire Magic
  2739 | D:5      | Reached skill level 1 in Air Magic
  2739 | D:5      | Reached skill level 1 in Earth Magic
  2739 | D:5      | Reached skill level 1 in Poison Magic
  2858 | D:4      | Reached XP level 5. HP: 32/37 MP: 1/12
  3240 | D:3      | Killed an ogre
  3241 | D:3      | Reached XP level 6. HP: 31/44 MP: 3/14
  3371 | D:4      | Found a hazy altar of Hepliaklqana.
  3385 | D:4      | Reached skill level 5 in Dodging
  3387 | D:4      | HP: 2/44 [gnoll bouda/+0 club (10)]
  3388 | D:4      | Slain by a gnoll bouda

Illustrated notes

Levels and vault maps discovered:
D:1:      ebering_trefoil_3fold, layout_basic, minmay_misc_feat_hallway
D:2:      layout_basic, basic_altar, palyth_stone_intersect, uniq_sigmund
D:3:      layout_rooms, chequers_temple_overflow_minitemple,
          chequers_decorated_corner
D:4:      layout_cave_pools, nicolae_hepliaklqana_hazy_memory, minitemple,
          uniq_crazy_yiuf_cottage, uniq_pargi
D:5:      layout_loops_ring, pf_just_have_faith,
          minmay_temple_entry_enclosed_plants

Skill      XL: |  1  2  3  4  5  6 |
---------------+-------------------+-----
Spellcasting   | 5 |  5.3
Invocations    | 1 2 |  2.1
Fighting       | 1 |  1.9
Short Blades   | 1 |  1.9
Long Blades    | 1 |  1.9
Axes           | 1 |  1.9
Maces & Flails | 1 |  1.9
Polearms       | 1 |  1.9
Staves         | 1 |  1.9
Ranged Weapons | 1 |  1.9
Throwing       | 1 |  1.9
Armour         | 1 |  1.9
Shields        | 1 |  1.9
Unarmed Combat | 1 |  1.9
Evocations     | 1 |  1.9
Conjurations   | 1 |  1.5
Hexes          | 1 |  1.5
Summonings     | 1 |  1.5
Necromancy     | 1 |  1.5
Translocations | 1 |  1.5
Transmutations | 1 |  1.5
Fire Magic     | 1 |  1.5
Air Magic      | 1 |  1.5
Earth Magic    | 1 |  1.5
Poison Magic   | 1 |  1.5
Dodging        | 5 |  5.0
Stealth        | |  4.6
Ice Magic      | |  7.3

Action                     |  1- 3 |  4- 6 || total
---------------------------+-------+-------++-------
  Melee: Dagger            |    20 |    34 ||    54
         Short sword       |     6 |       ||     6
         Bite              |     3 |     6 ||     9
         Club              |     2 |       ||     2
   Cast: Freeze            |    28 |    13 ||    41
         Frozen Ramparts   |     1 |     8 ||     9
         Ozocubu's Armour  |       |     4 ||     4
   Stab: Sleeping          |     9 |     3 ||    12
 Armour: Robe              |     6 |    11 ||    17
  Dodge: Dodged            |    33 |    21 ||    54

Table legend: (Time is in decaauts)
 A = Elapsed time spent in this place.
 B = Non-inter-level travel time spent in this place.
 C = Inter-level travel time spent in this place.
 D = Time resting spent in this place.
 E = Time spent auto-exploring this place.
 F = Levels seen in this place.
 G = Mean time per level.
                   A        B        C        D        E       F      G
               +--------+--------+--------+--------+--------+-----+--------+
         Total |   3384 |   3210 |    174 |    601 |   2110 |   5 |  676.8 |
       Dungeon |   3384 |   3210 |    174 |    601 |   2110 |   5 |  676.8 |
               +--------+--------+--------+--------+--------+-----+--------+

Top non-repeatable levels by time:
     D:1: 1238 daAuts
     D:2: 964 daAuts
     D:3: 855 daAuts
     D:4: 166 daAuts
     D:5: 159 daAuts
